 Dungeon Crawl Stone Soup version 0.30.1-9-gdf580d7c3d (webtiles) character file.

Game seed: 14605073777134725137

193 Ivernyr the Shield-Bearer (level 6, -11/48 HPs)
             Began as a Formicid Fighter on Oct 6, 2023.
             Mangled by an ogre
             ... wielding a +0 giant club
              (22 damage)
             ... on level 6 of the Dungeon.
             The game lasted 00:06:18 (2716 turns).

Ivernyr the Shield-Bearer (Formicid Fighter)        Turns: 2716, Time: 00:06:19

Health: -11/48     AC:  8    Str: 21    XL:     6   Next: 3%
Magic:  6/6        EV:  9    Int:  7    God:
Gold:   111        SH: 10    Dex: 15    Spells: 5/5 levels left

rFire   . . .        a - +0 long sword
rCold   . . .        c - +0 buckler
rNeg    . . .        b - +0 scale mail
rPois   .            (helmet unavailable)
rElec   .            (no cloak)
rCorr   .            n - +0 pair of gloves
SInv    +            (no boots)
Will    ++...        m - amulet of reflection Stlth
                     q - ring of willpower
HPRegen 0.28/turn    r - ring of willpower
MPRegen 0.10/turn

%: reflection
@: mighty
A: permanent stasis, dig shafts and tunnels, antennae 3, four strong arms
a: Dig, Shaft Self


You were on level 6 of the Dungeon.
You visited 1 branch of the dungeon, and saw 4 of its levels.

You collected 111 gold pieces.

Inventory:

Hand Weapons
 a - a +0 long sword (weapon)
Missiles
 j - 2 throwing nets
Armour
 b - a +0 scale mail (worn)
 c - a +0 buckler (worn)
 n - a +0 pair of gloves (worn)
Jewellery
 m - an amulet of reflection (around neck)
 q - a ring of willpower (left hand)
 r - a ring of willpower (right hand)
Wands
 u - a wand of light (12)
Scrolls
 e - 2 scrolls of teleportation {unknown}
 l - 5 scrolls of identify {unknown}
 o - 2 scrolls of blinking {unknown}
 v - a scroll of amnesia {unknown}
Potions
 d - 2 potions of might
 f - 2 potions of brilliance {unknown}
 g - 2 potions of lignification {unknown}
 h - a potion of haste {unknown}
 i - a potion of curing {unknown}
 k - a potion of attraction {unknown}
 p - a potion of flight {unknown}
 s - a potion of berserk rage {unknown}
 t - a potion of degeneration {unknown}


   Skills:
 + Level 4.1 Fighting
 * Level 3.9 Long Blades
 + Level 4.2 Armour
 + Level 5.2 Shields


You had 5 spell levels left.
You didn't know any spells.
Your spell library contained the following spells:

 Spells                   Type           Power      Damage    Failure   Level
 Poisonous Vapours        Pois/Air       0%         N/A       92%         2
 Inner Flame              Hex/Fire       0%         N/A       99%         3
 Mephitic Cloud           Conj/Pois/Air  0%         N/A       99%         3
 Freezing Cloud           Conj/Ice/Air   0%         6-21      100%        5
 Yara's Violent Unravell  Hex/Tmut       0%         3d3       100%        5
 Enfeeble                 Hex            0%         N/A       100%        7


Dungeon Overview and Level Annotations

Branches:
Dungeon (6/15)
 Temple: D:4-7

Altars:
Xom
Yredelemnul

Annotations:
D:3 1 runed translucent door


Innate Abilities, Weirdness & Mutations

You cannot be hasted, slowed, berserked, paralysed or teleported.
You can dig through walls and to a lower floor.
You have a pair of large antennae on your head. (SInv)
Your four strong arms can wield two-handed weapons with a shield.


Message History

The kobold brigand is wielding a +0 club and quivering poisoned darts.
The kobold brigand shouts!
The kobold shouts!
You hear a bellow!
The kobold brigand throws a poisoned dart.
You block the poisoned dart with an invisible shield... and reflect it back!
The poisoned dart hits the kobold brigand!
The kobold brigand is poisoned.
The kobold moves out of view.
You hear a shout! x2 2 kobolds come into view.
A kobold is wielding a +1 short sword of draining.
The kobold shouts!
You hear a bark!
You hear a shout!
An ogre comes into view. It is wielding a +0 giant club.
The ogre shouts!
You hear a shout!
You hear a bellow!
You hear a shout! x2
A kobold comes into view. It is wielding a +0 club.
An orc comes into view.
It is wielding a +0 club. 2 orc wizards come into view.
The orc wizard shouts! x2
The kobold barely misses you. The ogre attacks as you move away!
You block the ogre's attack. The ogre attacks as you move away!
The ogre hits you with a +0 giant club!!
A hound comes into view.
The kobold throws a stone.
You block the stone with an invisible shield... and reflect it back!
The stone barely misses the kobold.
The stone hits the orc.
The hound barks!
You feel very mighty all of a sudden.
You hit the ogre.
The ogre is lightly wounded.
The ogre completely misses you.
You barely miss the ogre.
The ogre is lightly wounded.
The kobold brigand looks more healthy.
The ogre closely misses you.
You barely miss the ogre.
The ogre is lightly wounded.
The ogre hits you with a +0 giant club!!
* * * LOW HITPOINT WARNING * * *
You barely miss the ogre.
The ogre is lightly wounded.
The ogre hits you with a +0 giant club!!
You die...

#.#
####..###...#####.#
...........##.#
..###.........#
##........#
####.####.## .....#
#.#
#.#.######..###.#
................#
###@##..###.#
#O##..###.# .
#.###K##..#...#
..#.{{hKo...#.#.#
.......oK......#.#
#..#..##.#..######
#..#{.##.#.##
#...o.......#
......##....#


You could see a kobold brigand, an ogre, a hound, an orc wizard, an orc and 2
kobolds.

Vanquished Creatures
  A hound (D:6)
  An iguana (D:6)
  A gnoll (D:2)
  3 adders
  A shadow imp (D:6)
  A white imp (D:6)
  2 worms (D:2)
  3 dart slugs
  6 endoplasms
  3 giant cockroaches
  5 hobgoblins
  4 jackals (D:1)
  6 quokkas
  8 ball pythons
  4 bats
  7 frilled lizards
  10 goblins
  6 kobolds
  3 rats
75 creatures vanquished.

Notes
Turn   | Place    | Note
-------+----------+-------------------------------------------
     0 | D:1      | Ivernyr the Formicid Fighter began the quest for the Orb.
     0 | D:1      | Reached XP level 1. HP: 18/18 MP: 1/1
   102 | D:1      | Reached XP level 2. HP: 23/24 MP: 2/2
   288 | D:1      | Reached XP level 3. HP: 26/29 MP: 3/3
  1105 | D:2      | Reached XP level 4. HP: 36/37 MP: 4/4
  1452 | D:2      | You fall into a shaft and drop 1 floor!
  1540 | D:3      | Reached XP level 5. HP: 42/42 MP: 5/5
  1889 | D:3      | Noticed a human
  1890 | D:3      | Found a runed translucent door.
  2119 | D:3      | Found a faded altar of an unknown god.
  2259 | D:3      | Found a basalt altar of Yredelemnul.
  2295 | D:3      | You fall into a shaft and drop 3 floors!
  2295 | D:6      | Found a shimmering altar of Xom.
  2428 | D:6      | Identified the staff of poison "Itikhia" {rPois rN+ Str+6
                  | Dex-4}
  2493 | D:6      | Reached skill level 5 in Shields
  2592 | D:6      | Reached XP level 6. HP: 34/48 MP: 6/6
  2700 | D:6      | Noticed an ogre
  2716 | D:6      | Mangled by an ogre

Illustrated notes

Levels and vault maps discovered:
D:1:      evilmike_arrival_crescent, layout_basic, roderic_serpentine_path,
          nrook_mini_backslash
D:2:      layout_rooms, minmay_tetromino_o2
D:3:      layout_basic, dk_yredelemnul_ordeal, ebering_ecumenical_altar_webs
D:6:      layout_basic, general_overflow_altar, uniq_pikel

Skill      XL: |  1  2  3  4  5 |
---------------+----------------+-----
Long Blades    | 3 |  3.9
Armour         | 4 |  4.2
Fighting       | 4 |  4.1
Shields        | 5 |  5.2

Action                     |  1- 3 |  4- 6 || total
---------------------------+-------+-------++-------
  Melee: Long sword        |   126 |   155 ||   281
Ability: Shaft Self        |       |     1 ||     1
    Use: Potion            |       |     1 ||     1
 Armour: Scale mail        |    60 |    51 ||   111
  Dodge: Dodged            |    68 |    46 ||   114
  Block: Buckler           |    29 |    89 ||   118
         Reflection        |       |     3 ||     3
